 Dungeon Crawl Stone Soup version 0.28-a0-533-g9f97627e2a (webtiles) character file.

Game seed: 2312388789479010344

14368 Gargoyl the Fighter (level 12, -6/97 HPs)
             Began as a Gnoll Abyssal Knight on Sept 26, 2021.
             Was an Elder of Lugonu.
             Mangled by a komodo dragon simulacrum (13 damage)
             ... on level 2 of the Lair of Beasts.
             The game lasted 00:17:53 (15894 turns).

Gargoyl the Fighter (Gnoll Abyssal Knight)         Turns: 15894, Time: 00:17:54

Health: -6/97      AC: 19    Str: 18    XL:     12   Next: 15%
Magic:  9/13       EV: 10    Int: 13    God:    Lugonu [****..]
Gold:   711        SH:  0    Dex: 13    Spells: 25/25 levels left

rFire   + + .      SeeInvis .   s - +6 long sword of the Middle {vorpal, rElec MP-9 Int+4}
rCold   . . .      Faith    .   (no shield)
rNeg    . . .      Spirit   .   u - +0 chain mail {rF+}
rPois   .          Reflect  .   n - +1 helmet
rElec   +          Harm     .   l - +2 cloak
rCorr   .          Rampage  .   b - +0 pair of gloves
Will    +....                   v - +0 pair of boots
Stlth   ..........              (no amulet)
HPRegen 0.26/turn               c - ring of willpower
MPRegen 0.13/turn               z - ring of protection from fire

@: lethally poisoned (-6 -> -9), studying Slings
A: fangs 1, strong nose, distributed training
a: Renounce Religion, Depart the Abyss, Bend Space, Banish, Corrupt


You were on level 2 of the Lair of Beasts.
You worshipped Lugonu.
Lugonu was greatly pleased with you.
You visited 2 branches of the dungeon, and saw 11 of its levels.
You visited the Abyss 1 time.

You collected 711 gold pieces.

Inventory:

Hand Weapons
 a - a +3 hand axe of flaming
 j - a +0 war axe
 s - the +6 long sword of the Middle (weapon) {vorpal, rElec MP-9 Int+4}
   (You found it on level 8 of the Dungeon)

   It inflicts extra damage upon your enemies.
   Int:       It affects your intelligence (+4).
   rElec:     It insulates you from electricity.
   MP:        It affects your magic capacity (-9).
 t - a +5 spear of freezing
Missiles
 f - 31 poisoned darts (quivered)
 q - 2 throwing nets
Armour
 b - a +0 pair of gloves (worn)
 l - a +2 cloak (worn)
 n - a +1 helmet (worn)
 u - a +0 chain mail of fire resistance (worn)
 v - a +0 pair of boots (worn)
Jewellery
 c - a ring of willpower (left hand)
 z - a ring of protection from fire (right hand)
 G - a ring of resist corrosion
Wands
 e - a wand of flame (9)
 i - a wand of iceblast (12)
 y - a wand of acid (12)
 C - a wand of charming (9)
 F - a wand of polymorph (10)
Scrolls
 d - a scroll of blinking
 k - a scroll of holy word
 m - 2 scrolls of teleportation
 p - a scroll of fog
 D - a scroll of noise {unknown}
 E - a scroll of enchant armour
Potions
 g - a potion of invisibility
 h - a potion of flight
 o - a potion of lignification {unknown}
 r - 2 potions of resistance
 w - a potion of attraction {unknown}
 x - 2 potions of brilliance {unknown}
 A - a potion of haste {unknown}


   Skills:
 + Level 9.7 Fighting
 + Level 7.0 Short Blades
 + Level 7.0 Long Blades
 + Level 8.4 Axes
 + Level 7.0 Maces & Flails
 + Level 7.0 Polearms
 + Level 7.0 Staves
 + Level 8.5 Slings
 + Level 7.0 Bows
 + Level 7.0 Crossbows
 + Level 7.0 Throwing
 + Level 8.4 Armour
 + Level 7.5 Dodging
 + Level 7.0 Stealth
 + Level 7.0 Shields
 + Level 7.0 Unarmed Combat
 + Level 7.0 Spellcasting
 + Level 5.8 Conjurations
 + Level 5.8 Hexes
 + Level 5.8 Summonings
 + Level 5.8 Necromancy
 + Level 5.8 Translocations
 + Level 5.8 Transmutations
 + Level 5.8 Fire Magic
 + Level 5.8 Ice Magic
 + Level 5.8 Air Magic
 + Level 5.8 Earth Magic
 + Level 5.8 Poison Magic
 + Level 9.0 Invocations
 + Level 7.0 Evocations


You had 25 spell levels left.
You didn't know any spells.
Your spell library contained the following spells:

 Spells                   Type           Power      Damage    Failure   Level
 Animate Skeleton         Necr           38%        N/A       13%         1
 Apportation              Tloc           38%        N/A       13%         1
 Pain                     Necr           76%        1d7       13%         1
 Sandblast                Erth           38%        2d10      13%         1
 Summon Small Mammal      Summ           76%        N/A       13%         1
 Passwall                 Tmut/Erth      15%        N/A       21%         2
 Gell's Gravitas          Tloc           9%         N/A       36%         3
 Portal Projectile        Hex/Tloc       38%        N/A       36%         3
 Stone Arrow              Conj/Erth      38%        3d9       36%         3
 Teleport Other           Tloc           19%        N/A       36%         3
 Tukima's Dance           Hex            19%        N/A       36%         3
 Passage of Golubria      Tloc           N/A        N/A       78%         4
 Agony                    Necr           19%        N/A       98%         5
 Excruciating Wounds      Necr           9%         N/A       98%         5
 Summon Forest            Summ/Tloc      9%         N/A       98%         5
 Yara's Violent Unravell  Hex/Tmut       9%         3d6       98%         5
 Eringya's Noxious Bog    Tmut/Pois      9%         N/A       100%        6
 Summon Hydra             Summ           9%         N/A       100%        7


Dungeon Overview and Level Annotations

Branches:
Dungeon (9/15)             Temple (0/1) D:5            Lair (2/6) D:9
  Swamp: Lair:2-4    Shoals: Lair:2-4     Snake: Lair:2-4    Spider: Lair:2-4
    Orc: D:9-12

Altars:
Cheibriados
Kikubaaqudgha
Nemelex Xobeh
Okawaru

Shops:
D:8 *

Annotations:
Abyss:1 Mokotyal's ghost, journeyman VSAE


Innate Abilities, Weirdness & Mutations

You have very sharp teeth.
Your uncanny sense of smell can sniff out nearby items.
Your experience applies equally to all skills.


Message History

You are more poisoned.
Press: ? - help, Shift-Dir - straight line, f - Mokotyal's ghost
Aim: Mokotyal's ghost, wielding a weapon of venom (lightly damaged, covering ground quickly, chance to affect: 46%) Mokotyal's ghost is devoured by a tear in reality.
Lugonu claims a new guest.
You feel very sick.
Your Short Blades skill increases to level 7!
Your Long Blades skill increases to level 7!
Your Maces & Flails skill increases to level 7!
Your Polearms skill increases to level 7!
Your Staves skill increases to level 7!
Your Bows skill increases to level 7!
Your Crossbows skill increases to level 7!
Your Throwing skill increases to level 7!
Your Stealth skill increases to level 7!
Your Shields skill increases to level 7!
Your Unarmed Combat skill increases to level 7!
Your Spellcasting skill increases to level 7!
Your Evocations skill increases to level 7!
You slash the komodo dragon simulacrum!
The komodo dragon simulacrum is heavily damaged.
You feel sick.
The komodo dragon simulacrum bites you but does no damage.
Unknown command.
You hit the komodo dragon simulacrum. You bite the komodo dragon simulacrum.
The komodo dragon simulacrum is almost destroyed.
You feel sick. The komodo dragon simulacrum bites you.
The komodo dragon simulacrum freezes you!
* * * LOW HITPOINT WARNING * * *
Unknown command.
You slash the komodo dragon simulacrum!
The komodo dragon simulacrum vaporises!
Lugonu accepts your kill.
You feel sick.
Unknown command.
You hit the komodo dragon simulacrum.
The komodo dragon simulacrum is moderately damaged.
You feel sick. The komodo dragon simulacrum bites you!
* * * LOW HITPOINT WARNING * * *
The komodo dragon simulacrum freezes you!
You die...

.............#.##......#.##.#.#
..........##.##.##......###..#
............ZW..#....P..#...##
..###'''###Z..Z.....###..#..#
#.#...ZZ.Z#.#####...# ###.#.#
..##...ZZ#### ##..## #.#..#
..#....... #Z...######.#
.###.??[.########Z##..#P##.##
.##..#.#$.#..##.@###.<...P..#
.##########......#.##......##
<.##....###....#.#.####...##
..###....##..####.######.##
#...........## #^........#
...........P#####........##
#...........#.##..#......##
##............#..####.##..#
................## ##.#..#


You could see a komodo dragon simulacrum and a seven-headed hydra simulacrum.

Vanquished Creatures
  Harold (D:8)
  A hydra (Lair:2)
  Pikel (D:7)
  An ugly thing (D:7)
  A black mamba (Lair:1)
  6 cane toads
  2 rime drakes (Lair:2)
  A komodo dragon (Lair:2)
  2 hornets
  8 blink frogs
  10 yaks
  A wyvern (Lair:1)
  A wraith (D:9)
  2 basilisks
  2 steam dragons (D:9)
  5 water moccasins
  An ice beast (D:7)
  An orc warrior (D:9)
  A sky beast (D:7)
  A black mamba simulacrum (Lair:2)
  2 necrophages
  An ogre (D:7)
  4 centaurs
  3 lemures (D:7)
  A phantom (D:4)
  2 kobold brigands
  7 bullfrogs
  A wyvern zombie (D:8)
  2 scorpions
  A water moccasin skeleton (D:6)
  11 killer bees
  9 wights
  2 howler monkeys (D:7)
  2 centaur zombies
  A komodo dragon simulacrum (Lair:2)
  A bullfrog zombie (D:5)
  5 hounds
  4 jellies
  A gnoll shaman (D:6)
  7 orc priests
  A centaur skeleton (D:7)
  An iguana (D:7)
  2 orc wizards
  A killer bee zombie (D:7)
  15 gnolls
  A howler monkey skeleton (D:7)
  6 adders
  A white imp (D:7)
  2 worms (D:3)
  A dart slug (D:1)
  26 orcs
  A bat (D:1)
  4 endoplasms
  2 giant cockroaches
  13 goblins
  5 hobgoblins
  8 jackals
  10 kobolds
  5 quokkas
  9 ball pythons
  7 frilled lizards
  6 rats
243 creatures vanquished.

Vanquished Creatures (collateral kills)
  2 bullfrogs (D:9)
  An orc priest (D:9)
  An orc (D:9)
4 creatures vanquished.

Vanquished Creatures (others)
  6 fungi
  5 plants
  4 withered plants (D:5)
15 creatures vanquished.

Grand Total: 262 creatures vanquished

Notes
Turn   | Place    | Note
-------+----------+-------------------------------------------
     0 | Abyss:1  | Gargoyl the Gnoll Abyssal Knight began the quest for the
                  | Orb.
     0 | Abyss:1  | Reached XP level 1. HP: 23/23 MP: 3/3
   153 | Abyss:2  | Got the Tome of Dislocation
   190 | Abyss:2  | Noticed a sixfirhy
   192 | D:1      | Escaped the Abyss
   410 | D:1      | Reached XP level 2. HP: 29/29 MP: 5/5
   536 | D:1      | Reached * piety under Lugonu
   949 | D:1      | Reached XP level 3. HP: 35/35 MP: 6/6
   953 | D:1      | Found a faded altar of an unknown god.
  1534 | D:2      | Reached skill level 1 in Short Blades
  1534 | D:2      | Reached skill level 1 in Long Blades
  1534 | D:2      | Reached skill level 1 in Maces & Flails
  1534 | D:2      | Reached skill level 1 in Polearms
  1534 | D:2      | Reached skill level 1 in Staves
  1534 | D:2      | Reached skill level 1 in Slings
  1534 | D:2      | Reached skill level 1 in Bows
  1534 | D:2      | Reached skill level 1 in Crossbows
  1534 | D:2      | Reached skill level 1 in Throwing
  1534 | D:2      | Reached skill level 1 in Stealth
  1534 | D:2      | Reached skill level 1 in Shields
  1534 | D:2      | Reached skill level 1 in Unarmed Combat
  1534 | D:2      | Reached skill level 1 in Spellcasting
  1534 | D:2      | Reached skill level 1 in Evocations
  1783 | D:2      | Reached XP level 4. HP: 41/41 MP: 7/7
  1940 | D:3      | Reached ** piety under Lugonu
  2313 | D:3      | Reached skill level 1 in Conjurations
  2313 | D:3      | Reached skill level 1 in Hexes
  2313 | D:3      | Reached skill level 1 in Summonings
  2313 | D:3      | Reached skill level 1 in Necromancy
  2313 | D:3      | Reached skill level 1 in Translocations
  2313 | D:3      | Reached skill level 1 in Transmutations
  2313 | D:3      | Reached skill level 1 in Fire Magic
  2313 | D:3      | Reached skill level 1 in Ice Magic
  2313 | D:3      | Reached skill level 1 in Air Magic
  2313 | D:3      | Reached skill level 1 in Earth Magic
  2313 | D:3      | Reached skill level 1 in Poison Magic
  2564 | D:4      | Found a snail-covered altar of Cheibriados.
  2608 | D:4      | Reached XP level 5. HP: 36/47 MP: 8/8
  3061 | D:3      | Reached skill level 5 in Invocations
  3124 | D:4      | Reached XP level 6. HP: 39/53 MP: 9/9
  3521 | D:4      | Reached skill level 5 in Axes
  3521 | D:4      | Reached skill level 5 in Armour
  4095 | D:5      | Entered Level 5 of the Dungeon
  4142 | D:5      | Noticed a necrophage
  4153 | D:5      | Noticed a water moccasin
  4160 | D:5      | Killed a necrophage
  4161 | D:5      | Reached XP level 7. HP: 59/59 MP: 10/10
  4482 | D:5      | Reached *** piety under Lugonu
  5036 | D:5      | Reached XP level 8. HP: 29/67 MP: 12/12
  5231 | D:5      | Found an ancient bone altar of Kikubaaqudgha.
  5295 | D:5      | Found a staircase to the Ecumenical Temple.
  7748 | D:7      | Noticed a brown ugly thing
  7750 | D:7      | Reached XP level 9. HP: 55/72 MP: 14/14
  7760 | D:7      | You fall into a shaft and drop 2 floors!
  7970 | D:8      | Found an iron altar of Okawaru.
  8070 | D:8      | Noticed Harold
  8096 | D:8      | Killed Harold
  8097 | D:8      | Reached skill level 5 in Dodging
  8241 | D:8      | Identified the +6 long sword of the Middle {vorpal, rElec
                  | MP-9 Int+4}
  8583 | D:7      | Noticed Pikel
  8601 | D:7      | Killed Pikel
  8808 | D:7      | Reached XP level 10. HP: 78/80 MP: 8/17
  9076 | D:7      | Killed a brown ugly thing
  9077 | D:7      | Reached skill level 5 in Short Blades
  9077 | D:7      | Reached skill level 5 in Long Blades
  9077 | D:7      | Reached skill level 5 in Maces & Flails
  9077 | D:7      | Reached skill level 5 in Polearms
  9077 | D:7      | Reached skill level 5 in Staves
  9077 | D:7      | Reached skill level 5 in Slings
  9077 | D:7      | Reached skill level 5 in Bows
  9077 | D:7      | Reached skill level 5 in Crossbows
  9077 | D:7      | Reached skill level 5 in Throwing
  9077 | D:7      | Reached skill level 5 in Stealth
  9077 | D:7      | Reached skill level 5 in Shields
  9077 | D:7      | Reached skill level 5 in Unarmed Combat
  9077 | D:7      | Reached skill level 5 in Spellcasting
  9077 | D:7      | Reached skill level 5 in Evocations
  9664 | D:8      | Found a sparkling altar of Nemelex Xobeh.
  9749 | D:8      | Reached **** piety under Lugonu
 10587 | D:8      | Found Ucylem's Gadget Gallery.
 11259 | D:9      | Reached XP level 11. HP: 30/87 MP: 10/19
 11598 | D:9      | Found a staircase to the Lair.
 11873 | Lair:1   | Entered Level 1 of the Lair of Beasts
 12223 | Lair:1   | Reached skill level 5 in Conjurations
 12223 | Lair:1   | Reached skill level 5 in Hexes
 12223 | Lair:1   | Reached skill level 5 in Summonings
 12223 | Lair:1   | Reached skill level 5 in Necromancy
 12223 | Lair:1   | Reached skill level 5 in Translocations
 12223 | Lair:1   | Reached skill level 5 in Transmutations
 12223 | Lair:1   | Reached skill level 5 in Fire Magic
 12223 | Lair:1   | Reached skill level 5 in Ice Magic
 12223 | Lair:1   | Reached skill level 5 in Air Magic
 12223 | Lair:1   | Reached skill level 5 in Earth Magic
 12223 | Lair:1   | Reached skill level 5 in Poison Magic
 15108 | Lair:2   | Noticed a four-headed hydra
 15116 | Lair:2   | Killed a one-headed hydra
 15258 | Lair:2   | Reached XP level 12. HP: 67/96 MP: 13/22
 15865 | Lair:2   | Found a runed translucent gate.
 15865 | Lair:2   | Found a runed translucent gate.
 15865 | Lair:2   | Found a runed translucent gate.
 15866 | Lair:2   | Noticed Mokotyal's ghost (journeyman VSAE)
 15890 | Lair:2   | Banished Mokotyal's ghost
 15894 | Lair:2   | Mangled by a komodo dragon simulacrum

Illustrated notes

Levels and vault maps discovered:
D:1:      dpeg_arrival_circle_labyrinth_c, layout_basic,
          dreamdust_ecumenical_altar_grove
D:2:      layout_rooms
D:3:      layout_rooms, grunt_ministairs_8
D:4:      layout_rooms, mainiacjoe_overflow_catwalk, grunt_ministairs_9,
          chequers_serial_rivers_small_a, kennysheep_windowed_goal
D:5:      layout_basic, kiku_gazebo_garden_becter, temple_hall
D:6:      layout_basic
D:7:      layout_loops_ring, minmay_manual_mess, uniq_pikel
D:8:      layout_cave_pods, kennysheep_okawaru_gauntlet, lemuel_doored_altar,
          dk_noncrumbling_2, nicolae_shop_gadgets, uniq_harold
D:9:      layout_rooms, grunt_lair_entry_orc_guard_hut,
          minmay_unpleasant_kobolds
Lair:1:   layout_regular_city
Lair:2:   layout_layer_cave, portal_ice_cave_rime, gammafunk_ghost_necromancy,
          grunt_megastairs_1, lemuel_fruit_tree

Skill      XL: |  1  2  3  4  5  6  7  8  9 10 11 12 |
---------------+-------------------------------------+-----
Short Blades   | 1 2 3 4 5 6 7 |  7.0
Long Blades    | 1 2 3 4 5 6 7 |  7.0
Maces & Flails | 1 2 3 4 5 6 7 |  7.0
Polearms       | 1 2 3 4 5 6 7 |  7.0
Staves         | 1 2 3 4 5 6 7 |  7.0
Slings         | 1 2 3 4 6 8 |  8.5
Bows           | 1 2 3 4 5 6 7 |  7.0
Crossbows      | 1 2 3 4 5 6 7 |  7.0
Throwing       | 1 2 3 4 5 6 7 |  7.0
Stealth        | 1 2 3 4 5 6 7 |  7.0
Shields        | 1 2 3 4 5 6 7 |  7.0
Unarmed Combat | 1 2 3 4 5 6 7 |  7.0
Spellcasting   | 1 2 3 4 5 6 7 |  7.0
Evocations     | 1 2 3 4 5 6 7 |  7.0
Conjurations   | 1 2 3 4 5 |  5.8
Hexes          | 1 2 3 4 5 |  5.8
Summonings     | 1 2 3 4 5 |  5.8
Necromancy     | 1 2 3 4 5 |  5.8
Translocations | 1 2 3 4 5 |  5.8
Transmutations | 1 2 3 4 5 |  5.8
Fire Magic     | 1 2 3 4 5 |  5.8
Ice Magic      | 1 2 3 4 5 |  5.8
Air Magic      | 1 2 3 4 5 |  5.8
Earth Magic    | 1 2 3 4 5 |  5.8
Poison Magic   | 1 2 3 4 5 |  5.8
Dodging        | 3 4 5 6 7 |  7.5
Invocations    | 5 6 7 8 9 |  9.0
Axes           | 5 6 7 8 |  8.4
Armour         | 5 6 7 8 |  8.4
Fighting       | 7 8 9 |  9.7

Action                   |  1- 3 |  4- 6 |  7- 9 | 10-12 || total
-------------------------+-------+-------+-------+-------++-------
Melee: Hand axe          |    86 |   197 |   293 |     4 ||   580
       Bite              |     4 |    18 |    40 |    31 ||    93
       Punch             |       |     1 |     4 |    10 ||    15
       Long sword        |       |       |    59 |   387 ||   446
Throw: Dart              |       |    27 |    63 |    85 ||   175
Invok: Depart the Abyss  |     1 |       |       |       ||     1
       Bend Space        |       |     1 |       |       ||     1
       Banish            |       |       |       |     4 ||     4
Evoke: Wand              |       |       |     4 |       ||     4
  Use: Potion            |     1 |       |     8 |     2 ||    11
       Scroll            |     1 |     3 |     9 |     5 ||    18
 Stab: Invisible         |       |       |     1 |       ||     1
Armor: Ring mail         |    32 |    26 |       |       ||    58
       Chain mail        |       |    77 |   284 |   238 ||   599
Dodge: Dodged            |    62 |    96 |   190 |   200 ||   548

Table legend: (Time is in decaauts)
 A = Elapsed time spent in this place.
 B = Non-inter-level travel time spent in this place.
 C = Inter-level travel time spent in this place.
 D = Time resting spent in this place.
 E = Time spent auto-exploring this place.
 F = Levels seen in this place.
 G = Mean time per level.
                   A        B        C        D        E       F      G
               +--------+--------+--------+--------+--------+-----+--------+
         Total |  15960 |  15513 |    447 |   2226 |  10467 |  13 | 1227.7 |
       Dungeon |  11739 |  11318 |    421 |   1187 |   7804 |   9 | 1304.3 |
          Lair |   4014 |   3989 |     25 |   1039 |   2509 |   2 | 2007.0 |
         Abyss |    207 |    207 |      0 |      0 |    154 |   2 |  103.5 |
               +--------+--------+--------+--------+--------+-----+--------+

Top non-repeatable levels by time:
  Lair:1: 2556 daAuts
     D:8: 1967 daAuts
     D:7: 1731 daAuts
     D:6: 1605 daAuts
     D:4: 1477 daAuts
  Lair:2: 1458 daAuts
     D:5: 1310 daAuts
     D:1: 1277 daAuts
     D:9: 1022 daAuts
     D:3: 891 daAuts
     D:2: 455 daAuts
 Abyss:1: 140 daAuts
 Abyss:2: 66 daAuts
